General information
- name: BNet
- type: Ladder team game (AT/RT)
- host: Battle.net
- saver: TheRecordRapist
map: TwilightRuins
- players: 8
- length: 46:48
- speed: Fast
- version: 1.28 W3XP
- replay type: Public
» download(339 KB)
Players
team 1 (winner)

»
ZOT.Dae.Ga.Ri (
purple | 113 APM | 5055 actions | 44:36)
7 Archmage
3 Summon Water Elemental
3 Brilliance Aura
1 Blizzard
4 Mountain King
2 Storm Bolt
2 Bash
3 Paladin
2 Holy Light
1 Divine Shield
» actions
| Assign group hotkey | 91 | |
| Basic commands | 766 | |
| Build / train | 175 | |
| ESC pressed | 15 | |
| Enter build submenu | 31 | |
| Enter hero's abilities submenu | 15 | |
| Give item / drop item | 5 | |
| Right click | 1181 | |
| Select / deselect | 637 | |
| Select group hotkey | 1836 | |
| Use ability | 302 | |
5055 total
» units
| Peasant | 20 | |
| Footman | 18 | |
| Sorceress | 3 | |
| Goblin Shredder | 1 | |
| Gryphon Rider | 8 | |
| Knight | 6 | |
| Priest | 3 | |
| Flying Machine | 20 | |
79 total
» upgrades
| Defend | 1 | |
| Lumber Harvesting | 2 | |
| Animal War Training | 1 | |
| Storm Hammers | 1 | |
| Priest Training | 2 | |
| Flak Cannons | 1 | |
8 total
» buildings
| Barracks | 1 | |
| Farm | 13 | |
| Altar of Kings | 1 | |
| Lumber Mill | 1 | |
| Scout Tower | 8 | |
| Town Hall | 1 | |
| Arcane Vault | 2 | |
| Arcane Tower | 6 | |
| Guard Tower | 9 | |
| Keep | 5 | |
| Castle | 1 | |
| Blacksmith | 1 | |
| Arcane Sanctum | 1 | |
| Gryphon Aviary | 3 | |
| Workshop | 2 | |
55 total
» build order
00:13 Barracks
00:21 Farm
00:24 Altar of Kings
00:52 Farm
02:14 Farm
02:34 Lumber Mill
03:19 Scout Tower
03:26 Town Hall
03:28 Scout Tower
03:49 Arcane Vault
04:29 Arcane Tower
04:29 Arcane Tower
04:33 Scout Tower
04:56 Arcane Tower
04:56 Arcane Tower
05:02 Guard Tower
05:03 Guard Tower
05:42 Keep
05:42 Keep
05:42 Keep
05:49 Arcane Vault
06:06 Scout Tower
06:34 Scout Tower
06:34 Scout Tower
07:48 Guard Tower
07:49 Scout Tower
08:07 Castle
08:43 Guard Tower
08:43 Guard Tower
09:57 Blacksmith
10:18 Arcane Sanctum
10:19 Gryphon Aviary
10:28 Guard Tower
10:28 Guard Tower
10:50 Gryphon Aviary
11:03 Farm
11:04 Farm
11:05 Farm
11:24 Farm
11:25 Gryphon Aviary
11:45 Farm
12:23 Farm
13:46 Workshop
14:32 Farm
15:01 Workshop
16:15 Farm
16:16 Farm
16:16 Farm
28:39 Scout Tower
» items
| Scroll of Town Portal | 9 | |
| Orb of Fire | 1 | |
| Staff of Sanctuary | 1 | |
| Potion of Healing | 1 | |
| Scroll of Regeneration | 2 | |
| Lesser Clarity Potion | 2 | |
| Potion of Lesser Invulnerability | 2 | |
| Potion of Invisibility | 2 | |
| Tome of Retraining | 1 | |
| Staff of Teleportation | 1 | |
22 total
2Funk2Druck (
yellow | 71 APM | 3332 actions | 46:48)
10 Blademaster
3 Wind Walk
3 Critical Strike
1 Bladestorm
3 Mirror Image
» actions
| Assign group hotkey | 63 | |
| Basic commands | 43 | |
| Build / train | 133 | |
| Enter build submenu | 51 | |
| Enter hero's abilities submenu | 10 | |
| Give item / drop item | 12 | |
| Remove unit from queue | 2 | |
| Right click | 1567 | |
| Select / deselect | 500 | |
| Select group hotkey | 633 | |
| Use ability | 317 | |
3332 total
» units
| Peon | 8 | |
| Grunt | 6 | |
| Goblin Shredder | 1 | |
| Goblin Sapper | 8 | |
| Troll Batrider | 13 | |
| Raider | 4 | |
| Goblin Zeppelin | 1 | |
41 total
» upgrades
| Reinforced Defenses | 1 | |
| Liquid Fire | 1 | |
| Troll Regeneration | 1 | |
| Ranged Weapons | 3 | |
| Armor | 3 | |
| Melee Weapons | 2 | |
| Pillage | 1 | |
| Spiked Barricades | 1 | |
| Ensnare | 1 | |
14 total
» buildings
| Orc Burrow | 5 | |
| Altar of Storms | 1 | |
| Barracks | 1 | |
| Voodoo Lounge | 2 | |
| War Mill | 2 | |
| Watch Tower | 46 | |
| Stronghold | 1 | |
| Great Hall | 2 | |
| Fortress | 1 | |
| Beastiary | 4 | |
65 total
» build order
00:12 Orc Burrow
00:51 Altar of Storms
00:52 Barracks
01:06 Orc Burrow
01:47 Voodoo Lounge
02:19 War Mill
03:41 Watch Tower
03:44 Watch Tower
04:27 Orc Burrow
04:29 Stronghold
05:24 Great Hall
06:01 Orc Burrow
06:19 Watch Tower
06:19 Watch Tower
06:20 Watch Tower
06:58 Watch Tower
07:09 Watch Tower
07:10 Watch Tower
08:57 Fortress
09:00 Watch Tower
09:01 Watch Tower
09:02 Watch Tower
09:03 Watch Tower
09:03 Watch Tower
10:18 Watch Tower
10:45 Watch Tower
10:48 Watch Tower
10:50 Watch Tower
10:52 Watch Tower
13:44 Beastiary
13:46 Beastiary
13:47 Beastiary
17:22 War Mill
20:47 Great Hall
20:50 Watch Tower
20:50 Watch Tower
20:50 Watch Tower
20:51 Watch Tower
20:51 Watch Tower
20:51 Watch Tower
20:52 Watch Tower
20:52 Watch Tower
20:53 Watch Tower
20:54 Watch Tower
20:54 Watch Tower
21:00 Voodoo Lounge
22:13 Watch Tower
22:13 Watch Tower
22:13 Watch Tower
22:14 Watch Tower
22:14 Watch Tower
22:15 Watch Tower
23:55 Orc Burrow
26:58 Beastiary
27:28 Watch Tower
27:28 Watch Tower
27:30 Watch Tower
27:31 Watch Tower
27:32 Watch Tower
27:33 Watch Tower
29:57 Watch Tower
29:57 Watch Tower
30:02 Watch Tower
30:02 Watch Tower
» items
| Healing Salve | 8 | |
| Potion of Healing | 14 | |
| Lesser Clarity Potion | 12 | |
| Potion of Mana | 15 | |
| Periapt of Vitality | 3 | |
| Boots of Speed | 1 | |
| Scroll of Town Portal | 6 | |
| Orb of Lightning | 1 | |
| Scroll of Healing | 1 | |
| Staff of Teleportation | 1 | |
| Potion of Lesser Invulnerability | 1 | |
63 total
BUS-RIDER-TALKE (
teal | 74 APM | 3485 actions | 46:48)
5 Blademaster
3 Wind Walk
2 Critical Strike
3 Shadow Hunter
2 Hex
1 Healing Wave
» actions
| Assign group hotkey | 87 | |
| Basic commands | 57 | |
| Build / train | 86 | |
| Enter build submenu | 40 | |
| Enter hero's abilities submenu | 8 | |
| Give item / drop item | 4 | |
| Remove unit from queue | 1 | |
| Right click | 1534 | |
| Select / deselect | 409 | |
| Select group hotkey | 992 | |
| Use ability | 267 | |
3485 total
» units
| Peon | 17 | |
| Goblin Shredder | 2 | |
| Troll Batrider | 12 | |
| Wind Rider | 5 | |
36 total
» upgrades
| Ranged Weapons | 2 | |
| Reinforced Defenses | 1 | |
| Liquid Fire | 1 | |
| Armor | 2 | |
| Envenomed Spears | 1 | |
7 total
» buildings
| Altar of Storms | 1 | |
| Orc Burrow | 7 | |
| War Mill | 1 | |
| Voodoo Lounge | 1 | |
| Watch Tower | 48 | |
| Stronghold | 2 | |
| Great Hall | 1 | |
| Fortress | 1 | |
| Beastiary | 4 | |
66 total
» build order
00:10 Altar of Storms
00:21 Orc Burrow
00:39 War Mill
01:04 Voodoo Lounge
01:51 Watch Tower
02:22 Watch Tower
02:54 Watch Tower
03:14 Watch Tower
03:22 Watch Tower
03:51 Orc Burrow
04:33 Watch Tower
04:34 Watch Tower
04:34 Watch Tower
04:34 Watch Tower
04:40 Watch Tower
06:14 Watch Tower
06:15 Watch Tower
06:15 Watch Tower
06:16 Watch Tower
06:32 Watch Tower
07:19 Stronghold
07:19 Stronghold
08:35 Watch Tower
08:35 Watch Tower
08:35 Watch Tower
08:36 Watch Tower
08:39 Watch Tower
08:56 Watch Tower
09:45 Watch Tower
09:45 Watch Tower
10:25 Great Hall
10:39 Watch Tower
12:04 Fortress
13:18 Beastiary
13:19 Beastiary
13:45 Beastiary
15:07 Watch Tower
15:07 Watch Tower
15:07 Watch Tower
15:21 Orc Burrow
15:47 Watch Tower
15:47 Watch Tower
15:48 Watch Tower
15:48 Watch Tower
16:29 Watch Tower
17:37 Watch Tower
17:37 Watch Tower
17:37 Watch Tower
18:34 Watch Tower
18:35 Watch Tower
19:26 Watch Tower
19:27 Watch Tower
19:27 Watch Tower
20:16 Beastiary
20:19 Orc Burrow
20:43 Watch Tower
20:43 Watch Tower
20:44 Watch Tower
21:28 Orc Burrow
21:32 Orc Burrow
22:08 Watch Tower
22:09 Watch Tower
22:24 Watch Tower
23:17 Watch Tower
23:17 Watch Tower
28:41 Orc Burrow
» items
| Healing Salve | 7 | |
| Lesser Clarity Potion | 4 | |
| Staff of Teleportation | 1 | |
| Potion of Healing | 2 | |
| Potion of Lesser Invulnerability | 2 | |
| Scroll of Town Portal | 6 | |
| Orb of Lightning | 1 | |
| Potion of Mana | 1 | |
24 total
idontlose065086 (
green | 19 APM | 751 actions | 39:37)
3 Death Knight
1 Death Coil
2 Unholy Aura
» actions
| Build / train | 60 | |
| Enter build submenu | 21 | |
| Enter hero's abilities submenu | 3 | |
| Give item / drop item | 1 | |
| Right click | 302 | |
| Select / deselect | 310 | |
| Use ability | 54 | |
751 total
» units
| Acolyte | 17 | |
| Ghoul | 10 | |
| Goblin Shredder | 1 | |
| Frost Wyrm | 8 | |
| Crypt Fiend | 3 | |
39 total
» upgrades
| Freezing Breath | 1 | |
| Creature Attack | 2 | |
| Web | 1 | |
| Creature Carapace | 1 | |
5 total
» buildings
| Crypt | 1 | |
| Ziggurat | 5 | |
| Altar of Darkness | 2 | |
| Tomb of Relics | 1 | |
| Graveyard | 2 | |
| Halls of the Dead | 1 | |
| Nerubian Tower | 1 | |
| Spirit Tower | 4 | |
| Black Citadel | 1 | |
| Necropolis | 1 | |
| Sacrificial Pit | 1 | |
| Boneyard | 2 | |
22 total
» build order
00:13 Crypt
00:24 Ziggurat
00:43 Altar of Darkness
00:58 Tomb of Relics
01:42 Ziggurat
02:48 Graveyard
02:59 Graveyard
03:05 Halls of the Dead
03:10 Nerubian Tower
04:23 Spirit Tower
04:23 Spirit Tower
04:23 Spirit Tower
05:40 Black Citadel
07:02 Ziggurat
08:35 Necropolis
09:04 Sacrificial Pit
10:05 Boneyard
10:48 Boneyard
14:55 Ziggurat
15:00 Ziggurat
18:25 Altar of Darkness
21:53 Spirit Tower
» items
| Dust of Appearance | 1 | |
| Rod of Necromancy | 1 | |
| Scroll of Healing | 1 | |
| Boots of Speed | 1 | |
4 total
team 2 (loser)

»
Reggie_Ledoux (
pink | 54 APM | 2277 actions | 42:27)
8 Priestess of the Moon
3 Trueshot Aura
3 Searing Arrows
1 Starfall
1 Scout
» actions
| Assign group hotkey | 17 | |
| Basic commands | 172 | |
| Build / train | 112 | |
| ESC pressed | 6 | |
| Enter build submenu | 41 | |
| Enter hero's abilities submenu | 8 | |
| Give item / drop item | 1 | |
| Right click | 1047 | |
| Select / deselect | 536 | |
| Select group hotkey | 170 | |
| Use ability | 167 | |
2277 total
» units
| Wisp | 31 | |
| Archer | 24 | |
| Hippogryph | 11 | |
| Faerie Dragon | 1 | |
| Chimaera | 5 | |
| Druid of the Talon | 1 | |
73 total
» upgrades
| Strength of the Moon | 2 | |
| Moon Armor | 2 | |
| Improved Bows | 1 | |
| Hippogryph Taming | 1 | |
| Marksmanship | 1 | |
| Strength of the Wild | 1 | |
| Corrosive Breath | 1 | |
9 total
» buildings
| Moon Well | 11 | |
| Altar of Elders | 1 | |
| Ancient of War | 4 | |
| Hunter's Hall | 1 | |
| Tree of Life | 5 | |
| Tree of Ages | 2 | |
| Ancient of Wind | 2 | |
| Ancient of Wonders | 1 | |
| Tree of Eternity | 4 | |
| Chimaera Roost | 3 | |
| Ancient Protector | 6 | |
40 total
» build order
00:21 Moon Well
00:22 Altar of Elders
00:40 Ancient of War
01:50 Moon Well
01:55 Ancient of War
02:55 Moon Well
03:36 Hunter's Hall
04:13 Tree of Life
05:13 Moon Well
06:16 Tree of Ages
06:16 Tree of Ages
08:53 Ancient of Wind
08:53 Ancient of Wind
08:58 Ancient of Wonders
10:58 Tree of Eternity
10:58 Tree of Eternity
10:59 Tree of Eternity
12:26 Moon Well
13:00 Moon Well
15:35 Chimaera Roost
15:36 Chimaera Roost
17:44 Chimaera Roost
20:06 Ancient Protector
20:08 Ancient Protector
20:11 Ancient Protector
20:15 Ancient Protector
20:16 Ancient Protector
21:55 Tree of Life
23:33 Ancient Protector
24:17 Tree of Life
26:55 Tree of Life
31:15 Tree of Life
36:46 Moon Well
38:00 Ancient of War
38:03 Moon Well
38:45 Moon Well
38:49 Ancient of War
38:56 Moon Well
40:01 Moon Well
» items
| Potion of Healing | 2 | |
| Scroll of Town Portal | 5 | |
| Scroll of Healing | 1 | |
| Scroll of Speed | 1 | |
| Orb of Venom | 1 | |
10 total

»
wolfblade3 (
blue | 65 APM | 2994 actions | 46:06)
8 Mountain King
3 Storm Bolt
3 Bash
1 Avatar
1 Thunder Clap
6 Paladin
3 Holy Light
1 Divine Shield
1 Devotion Aura
1 Resurrection
» actions
| Assign group hotkey | 31 | |
| Basic commands | 197 | |
| Build / train | 165 | |
| ESC pressed | 8 | |
| Enter build submenu | 63 | |
| Enter hero's abilities submenu | 14 | |
| Give item / drop item | 4 | |
| Right click | 881 | |
| Select / deselect | 750 | |
| Select group hotkey | 623 | |
| Use ability | 258 | |
2994 total
» units
| Peasant | 26 | |
| Rifleman | 14 | |
| Mortar Team | 12 | |
| Troll Batrider | 1 | |
| Spell Breaker | 5 | |
| Flying Machine | 4 | |
| Siege Engine | 3 | |
65 total
» upgrades
| Lumber Harvesting | 2 | |
| Masonry | 3 | |
| Long Rifles | 1 | |
| Gunpowder | 3 | |
| Armor | 4 | |
| Fragmentation Shards | 1 | |
| Magic Sentry | 1 | |
| Spiked Barricades | 1 | |
| Flare | 1 | |
| Barrage | 1 | |
18 total
» buildings
| Farm | 14 | |
| Blacksmith | 1 | |
| Barracks | 1 | |
| Altar of Kings | 1 | |
| Scout Tower | 32 | |
| Arcane Tower | 7 | |
| Arcane Vault | 2 | |
| Keep | 1 | |
| Town Hall | 6 | |
| Lumber Mill | 1 | |
| Workshop | 2 | |
| Arcane Sanctum | 1 | |
| Castle | 1 | |
| Guard Tower | 16 | |
| Orc Burrow | 1 | |
87 total
» build order
00:43 Farm
01:01 Blacksmith
01:13 Barracks
01:23 Farm
01:29 Altar of Kings
02:02 Farm
02:16 Scout Tower
02:43 Arcane Tower
03:18 Arcane Vault
03:26 Arcane Vault
03:51 Farm
04:53 Keep
05:30 Town Hall
06:36 Lumber Mill
07:56 Scout Tower
07:58 Scout Tower
09:08 Workshop
09:09 Arcane Sanctum
09:51 Castle
09:53 Arcane Tower
09:54 Guard Tower
09:55 Scout Tower
09:56 Scout Tower
11:20 Farm
11:21 Farm
11:24 Farm
11:25 Farm
11:48 Arcane Tower
12:14 Town Hall
12:22 Scout Tower
12:49 Guard Tower
12:51 Scout Tower
13:05 Farm
13:10 Farm
13:49 Scout Tower
13:51 Scout Tower
13:54 Guard Tower
13:55 Scout Tower
14:31 Arcane Tower
14:31 Guard Tower
14:40 Guard Tower
14:42 Farm
14:43 Farm
14:49 Workshop
15:18 Farm
15:19 Farm
16:32 Scout Tower
16:34 Scout Tower
17:56 Guard Tower
17:56 Guard Tower
17:57 Scout Tower
18:40 Orc Burrow
21:05 Scout Tower
21:08 Scout Tower
21:11 Scout Tower
21:57 Guard Tower
21:57 Scout Tower
22:00 Guard Tower
22:01 Scout Tower
22:02 Scout Tower
22:03 Scout Tower
23:39 Arcane Tower
23:40 Arcane Tower
23:40 Guard Tower
23:41 Scout Tower
23:46 Scout Tower
24:43 Guard Tower
24:46 Guard Tower
25:22 Town Hall
26:34 Town Hall
26:37 Scout Tower
27:59 Scout Tower
28:01 Scout Tower
28:08 Town Hall
28:12 Scout Tower
29:26 Guard Tower
31:58 Scout Tower
33:33 Guard Tower
36:17 Scout Tower
36:19 Scout Tower
38:11 Guard Tower
38:11 Guard Tower
38:13 Scout Tower
38:16 Scout Tower
40:09 Town Hall
41:08 Scout Tower
43:30 Arcane Tower
» items
| Scroll of Regeneration | 7 | |
| Lesser Clarity Potion | 6 | |
| Scroll of Town Portal | 7 | |
| Potion of Healing | 6 | |
| Potion of Mana | 4 | |
| Orb of Fire | 2 | |
| Dust of Appearance | 1 | |
| Boots of Speed | 1 | |
34 total
TheRecordRapist (
red | 84 APM | 3937 actions | 46:48)
7 Archmage
2 Summon Water Elemental
3 Brilliance Aura
2 Blizzard
4 Blood Mage
2 Flame Strike
2 Banish
» actions
| Assign group hotkey | 103 | |
| Basic commands | 163 | |
| Build / train | 242 | |
| ESC pressed | 19 | |
| Enter build submenu | 74 | |
| Enter hero's abilities submenu | 10 | |
| Give item / drop item | 9 | |
| Remove unit from queue | 1 | |
| Right click | 1122 | |
| Select / deselect | 754 | |
| Select group hotkey | 1148 | |
| Use ability | 292 | |
3937 total
» units
| Peasant | 14 | |
| Footman | 7 | |
| Goblin Shredder | 8 | |
| Sorceress | 6 | |
| Priest | 3 | |
| Rifleman | 5 | |
| Goblin Sapper | 6 | |
| Goblin Zeppelin | 4 | |
| Spell Breaker | 2 | |
| Gryphon Rider | 1 | |
| Mortar Team | 1 | |
| Knight | 1 | |
58 total
» upgrades
| Masonry | 4 | |
| Sorceress Training | 2 | |
| Plating | 3 | |
| Gunpowder | 4 | |
| Animal War Training | 1 | |
| Storm Hammers | 1 | |
| Cloud | 1 | |
| Priest Training | 2 | |
| Long Rifles | 1 | |
| Fragmentation Shards | 1 | |
| Barrage | 1 | |
| Flak Cannons | 1 | |
| Lumber Harvesting | 2 | |
| Flying Machine Bombs | 1 | |
| Armor | 4 | |
| Flare | 1 | |
| Control Magic | 1 | |
| Swords | 4 | |
| Defend | 1 | |
| Backpack | 1 | |
37 total
» buildings
| Altar of Kings | 1 | |
| Farm | 9 | |
| Barracks | 3 | |
| Lumber Mill | 1 | |
| Arcane Vault | 1 | |
| Keep | 3 | |
| Town Hall | 5 | |
| Scout Tower | 41 | |
| Castle | 1 | |
| Guard Tower | 65 | |
| Arcane Sanctum | 2 | |
| Blacksmith | 1 | |
| Gryphon Aviary | 4 | |
| Workshop | 3 | |
| Arcane Tower | 7 | |
147 total
» build order
00:55 Altar of Kings
00:57 Farm
01:04 Barracks
01:11 Farm
01:13 Farm
01:38 Farm
02:03 Lumber Mill
02:11 Arcane Vault
02:37 Farm
03:35 Keep
03:36 Keep
04:12 Town Hall
05:05 Farm
06:22 Scout Tower
06:55 Castle
06:59 Guard Tower
06:59 Guard Tower
06:59 Guard Tower
07:00 Scout Tower
07:01 Scout Tower
07:02 Scout Tower
07:21 Guard Tower
07:21 Guard Tower
07:21 Guard Tower
07:22 Guard Tower
07:22 Guard Tower
07:24 Guard Tower
07:25 Guard Tower
07:46 Guard Tower
07:48 Scout Tower
07:49 Scout Tower
08:02 Arcane Sanctum
08:10 Blacksmith
08:42 Guard Tower
09:14 Scout Tower
09:21 Scout Tower
09:48 Guard Tower
09:48 Guard Tower
10:40 Guard Tower
10:43 Guard Tower
10:43 Guard Tower
10:44 Guard Tower
10:45 Scout Tower
10:46 Scout Tower
11:07 Gryphon Aviary
11:09 Gryphon Aviary
11:12 Gryphon Aviary
11:14 Gryphon Aviary
11:40 Scout Tower
11:42 Scout Tower
11:46 Guard Tower
11:46 Guard Tower
11:48 Scout Tower
12:51 Barracks
12:55 Arcane Sanctum
12:58 Guard Tower
12:58 Guard Tower
12:58 Guard Tower
13:02 Workshop
13:03 Workshop
13:46 Scout Tower
13:48 Scout Tower
13:52 Guard Tower
13:53 Guard Tower
14:08 Barracks
14:16 Workshop
14:58 Guard Tower
17:35 Scout Tower
17:36 Scout Tower
18:18 Guard Tower
24:16 Farm
24:20 Farm
24:23 Farm
27:55 Town Hall
28:41 Town Hall
28:42 Scout Tower
28:43 Scout Tower
28:44 Scout Tower
29:04 Scout Tower
29:05 Scout Tower
29:08 Scout Tower
29:10 Scout Tower
29:11 Scout Tower
29:14 Guard Tower
29:15 Guard Tower
29:15 Guard Tower
29:25 Scout Tower
29:26 Scout Tower
29:26 Scout Tower
29:27 Scout Tower
29:29 Scout Tower
29:32 Scout Tower
29:33 Scout Tower
29:38 Guard Tower
29:39 Guard Tower
29:39 Guard Tower
29:40 Guard Tower
29:40 Guard Tower
30:00 Guard Tower
30:51 Guard Tower
30:51 Guard Tower
30:51 Guard Tower
30:52 Guard Tower
31:45 Scout Tower
32:26 Arcane Tower
32:26 Arcane Tower
32:26 Arcane Tower
32:38 Guard Tower
32:38 Guard Tower
32:38 Guard Tower
36:50 Town Hall
37:17 Scout Tower
37:18 Scout Tower
37:20 Scout Tower
37:21 Scout Tower
38:01 Town Hall
38:07 Scout Tower
38:08 Scout Tower
38:09 Scout Tower
38:13 Scout Tower
38:59 Arcane Tower
38:59 Arcane Tower
39:00 Arcane Tower
39:00 Guard Tower
39:00 Guard Tower
39:01 Guard Tower
39:03 Guard Tower
39:03 Guard Tower
» items
| Scroll of Regeneration | 6 | |
| Mechanical Critter | 9 | |
| Ivory Tower | 7 | |
| Periapt of Vitality | 3 | |
| Staff of Teleportation | 2 | |
| Potion of Invisibility | 2 | |
| Tome of Retraining | 1 | |
| Pendant of Energy | 2 | |
| Circlet of Nobility | 1 | |
| Staff of Sanctuary | 1 | |
| Scroll of Town Portal | 2 | |
| Mana Stone | 1 | |
| Potion of Healing | 1 | |
38 total
karlmalone (
orange | 55 APM | 915 actions | 16:42)
2 Blademaster
1 Wind Walk
1 Critical Strike
2 Shadow Hunter
1 Hex
1 Healing Wave
» actions
| Assign group hotkey | 15 | |
| Basic commands | 4 | |
| Build / train | 47 | |
| Enter build submenu | 13 | |
| Enter hero's abilities submenu | 5 | |
| Right click | 383 | |
| Select / deselect | 264 | |
| Select group hotkey | 111 | |
| Use ability | 72 | |
915 total
» units
| Peon | 16 | |
| Wind Rider | 4 | |
| Raider | 11 | |
31 total
» upgrades
| Ranged Weapons | 1 | |
| Ensnare | 1 | |
| Melee Weapons | 1 | |
3 total
» buildings
| Altar of Storms | 1 | |
| Orc Burrow | 8 | |
| Voodoo Lounge | 1 | |
| Stronghold | 1 | |
| War Mill | 1 | |
| Beastiary | 2 | |
14 total
» build order
00:06 Altar of Storms
00:16 Orc Burrow
00:36 Voodoo Lounge
02:13 Stronghold
02:28 Orc Burrow
02:56 Orc Burrow
03:51 War Mill
03:57 Orc Burrow
04:36 Beastiary
04:40 Beastiary
10:48 Orc Burrow
11:44 Orc Burrow
12:03 Orc Burrow
14:47 Orc Burrow
» items
| Healing Salve | 2 | |
| Lesser Clarity Potion | 1 | |
| Scroll of Speed | 2 | |
| Potion of Healing | 1 | |
6 total
Chat log
(00:21 / Allies) wolfblade3: did anyone like the new update?
(00:27 / Allies) Reggie_Ledoux: what u guys going
(00:34 / Allies) Reggie_Ledoux: not even sure what it updated lol
(00:56 / Allies) wolfblade3: the minimizing of the screen is different
(00:57 / Allies) Reggie_Ledoux: potm arch hipp
(00:57 / Allies) wolfblade3: isnt it
(01:07 / Allies) Reggie_Ledoux: yeah i had to run it as a window to get it full screen again
(01:15 / Allies) wolfblade3: how_
(01:16 / Allies) wolfblade3: ?
(01:24 / All) BUS-RIDER-TALKE: plz rate trump's presidency after 100 days in office
(01:25 / Allies) Reggie_Ledoux: google it. how to run wc3 as a window
(01:32 / All) 2Funk2Druck: 10/10
(01:39 / Allies) Reggie_Ledoux: super easy but not goint to explain it here
(01:40 / All) 2Funk2Druck: 9/10 needs to own some peeps then 10
(01:43 / Allies) wolfblade3: i mean what is the point of what they did
(01:52 / Allies) TheRecordRapist: ^I just want a new map pool
(01:56 / Allies) TheRecordRapist: but they never will give us it
(01:57 / Allies) Reggie_Ledoux: agreed
(02:12 / Allies) wolfblade3: this map rocks though
(02:13 / Allies) Reggie_Ledoux: its a 15 year old game, they aint gonna do anything to actually make it better
(02:17 / Allies) Reggie_Ledoux: agreed
(02:17 / Allies) TheRecordRapist: yeah this map is kick ass
(02:23 / Allies) TheRecordRapist: this and market square
(02:24 / Allies) TheRecordRapist: best maps
(02:32 / Allies) wolfblade3: what hero
(02:33 / Allies) wolfblade3: red
(02:39 / Allies) TheRecordRapist: am
(02:52 / Allies) TheRecordRapist: mk 2nd
(02:54 / Allies) TheRecordRapist: or maybe bm
(03:07 / Allies) Reggie_Ledoux: get expos up fast humans
(05:50 / Allies) Reggie_Ledoux: come blue
(05:52 / Allies) Reggie_Ledoux: then we hit
(05:57 / Allies) wolfblade3: agreed
(07:14 / Allies) Reggie_Ledoux: lol
(07:25 / All) BUS-RIDER-TALKE: u guys hit my expo at perfec ttime
(07:30 / All) Reggie_Ledoux: tower more teal
(07:36 / All) wolfblade3: noob techer
(07:52 / Allies) Reggie_Ledoux: coming orange
(07:53 / Allies) Reggie_Ledoux: i got it
(07:54 / Allies) Reggie_Ledoux: go hit blue
(07:58 / Allies) karlmalone: help
(08:35 / Allies) wolfblade3: u ok_
(08:36 / Allies) wolfblade3: '
(08:38 / Allies) wolfblade3: ?
(08:47 / All) BUS-RIDER-TALKE: it was 2v1
(09:11 / Allies) Reggie_Ledoux: help him red
(09:12 / Allies) Reggie_Ledoux: wtf
(09:13 / Allies) Reggie_Ledoux: go tp
(09:17 / Allies) TheRecordRapist: I have nothing
(09:23 / Allies) TheRecordRapist: you help him
(09:28 / Allies) Reggie_Ledoux: i just did
(09:31 / Allies) Reggie_Ledoux: blue
(09:32 / Allies) TheRecordRapist: then why's he need more
(09:34 / Allies) Reggie_Ledoux: tp to roange
(09:35 / Allies) TheRecordRapist: sounds like you didn't help him
(09:41 / Allies) wolfblade3: he is ok
(10:15 / Allies) Reggie_Ledoux: BURROW ORANGE
(11:07 / Allies) Reggie_Ledoux: care blue
(11:10 / Allies) Reggie_Ledoux: dont die
(11:10 / Allies) Reggie_Ledoux: TP
(11:26 / Allies) wolfblade3: dude
(11:30 / Allies) Reggie_Ledoux: u have 4k gold red
(11:31 / Allies) karlmalone: what units u going for
(11:32 / Allies) Reggie_Ledoux: da fuck man
(11:32 / Allies) wolfblade3: take care of ur own
(11:33 / Allies) Reggie_Ledoux: share it
(11:37 / Allies) Reggie_Ledoux: to help orange back on his feet
(11:55 / Allies) Reggie_Ledoux: fuck
(12:12 / All) 2Funk2Druck: whoops
(12:14 / All) 2Funk2Druck: thought I windwalked
(12:16 / All) BUS-RIDER-TALKE: blue sux lawl
(12:31 / Allies) Reggie_Ledoux: cold me red
(12:36 / Allies) TheRecordRapist: I like heat
(12:37 / Allies) Reggie_Ledoux: u ahave 3k
(12:37 / Allies) TheRecordRapist: not the cold
(13:51 / Allies) Reggie_Ledoux: red aint gonna help huh?
(13:55 / Allies) TheRecordRapist: I'll make units soon
(13:56 / Allies) Reggie_Ledoux: coming...
(13:57 / Allies) TheRecordRapist: quit your whining
(14:12 / Allies) karlmalone: thx
(14:29 / Allies) Reggie_Ledoux: wood?
(15:14 / Allies) Reggie_Ledoux: mass towrs
(15:15 / Allies) Reggie_Ledoux: dont
(15:22 / Allies) TheRecordRapist: shut the fuck up already
(15:24 / Allies) TheRecordRapist: you're annoying
(15:54 / Allies) TheRecordRapist: lumber me
(16:25 / All) BUS-RIDER-TALKE: raped cunt blue
(16:43 / All) wolfblade3: mad huh
(17:03 / All) BUS-RIDER-TALKE: not really, u just maphack
(17:16 / Allies) Reggie_Ledoux: wood
(17:17 / Allies) Reggie_Ledoux: fast
(17:46 / Allies) Reggie_Ledoux: wood please
(17:47 / Allies) Reggie_Ledoux: anyone?
(17:51 / Allies) TheRecordRapist: I asked and you didn't give me any
(17:54 / Allies) TheRecordRapist: I ain't giving you any wood
(18:00 / Allies) Reggie_Ledoux: what do you need?
(18:04 / Allies) TheRecordRapist: lumber
(18:09 / Allies) Reggie_Ledoux: so do i
(19:22 / Allies) Reggie_Ledoux: nice blue
(21:27 / Allies) Reggie_Ledoux: wood?
(22:59 / All) 2Funk2Druck: fuck
(23:03 / All) 2Funk2Druck: just barely beat my blade storm
(23:11 / All) wolfblade3: Gtfo noob
(24:37 / Allies) Reggie_Ledoux: can u toss me some wood plz red
(24:46 / Allies) TheRecordRapist: you're a real dickwad, I'm good thanks
(24:59 / Allies) Reggie_Ledoux: k
(25:14 / All) BUS-RIDER-TALKE: try hard
(26:42 / Allies) Reggie_Ledoux: HEAL
(27:32 / Allies) TheRecordRapist: I already had militia heading there
(27:34 / Allies) TheRecordRapist: to expo that
(27:35 / Allies) TheRecordRapist: pink
(27:37 / Allies) Reggie_Ledoux: ...
(27:43 / Allies) Reggie_Ledoux: i need one man
(27:50 / Allies) TheRecordRapist: you're not good with your money
(28:01 / Allies) Reggie_Ledoux: dude come on...
(28:08 / Allies) TheRecordRapist: I was here first
(28:13 / Allies) Reggie_Ledoux: ..
(28:18 / Allies) TheRecordRapist: my militia had the order before your wisps did
(29:00 / All) BUS-RIDER-TALKE: u gonna lose bitches
(29:01 / All) idontlose065086: go nigger yellow gold me
(29:08 / All) 2Funk2Druck: CATCH ME CATCH ME
(29:08 / All) Reggie_Ledoux: yep
(29:10 / All) Reggie_Ledoux: we know
(29:13 / All) Reggie_Ledoux: red is just hoarding gold
(29:15 / All) Reggie_Ledoux: and not sharing
(29:19 / All) Reggie_Ledoux: has like 11 k lol
(29:24 / All) Reggie_Ledoux: could have won like an hour ago
(29:54 / Allies) Reggie_Ledoux: heal me blue
(29:56 / Allies) Reggie_Ledoux: ill star fall
(30:05 / Allies) wolfblade3: ok
(30:38 / All) idontlose065086: kill yhr
(30:47 / All) idontlose065086: kill these niggers
(31:23 / All) idontlose065086: assholes wont help ne
(31:52 / All) idontlose065086: purp gold me i return
(32:15 / All) BUS-RIDER-TALKE: blue stillt rying
(32:17 / All) BUS-RIDER-TALKE: just give up blue
(32:26 / All) ZOT.Dae.Ga.Ri: fuck ing noob teal
(32:30 / All) idontlose065086: kill these niggers
(32:32 / All) idontlose065086: their shit
(32:36 / All) wolfblade3: stupid noobs
(32:40 / All) ZOT.Dae.Ga.Ri: noob teal
(32:42 / All) TheRecordRapist: I have a noob team
(32:55 / All) 2Funk2Druck: pink and you are daed
(33:09 / All) ZOT.Dae.Ga.Ri: teal have 900 gold
(33:12 / All) BUS-RIDER-TALKE: and dont use red hoarding as an excuse
(33:14 / All) BUS-RIDER-TALKE: so is yellow
(33:22 / All) ZOT.Dae.Ga.Ri: noob teall
(35:03 / All) BUS-RIDER-TALKE: noob
(35:05 / Allies) TheRecordRapist: blue, I sent peasants there first
(35:34 / All) idontlose065086: going for blues expo
(35:52 / Allies) Reggie_Ledoux: heal me
(35:59 / All) ZOT.Dae.Ga.Ri: noob team
(36:07 / All) BUS-RIDER-TALKE: no untis lost bitches
(36:09 / All) TheRecordRapist: my team is really trash
(36:12 / All) idontlose065086: yellow trying to expo
(36:29 / All) ZOT.Dae.Ga.Ri: no teal and yellow is fucking noob
(36:34 / All) 2Funk2Druck: lol
(36:37 / All) idontlose065086: were purp base was his expo
(37:05 / All) 2Funk2Druck: why rod
(37:31 / All) ZOT.Dae.Ga.Ri: noob team die
(37:38 / All) idontlose065086: yellow gong nights
(37:54 / All) ZOT.Dae.Ga.Ri: fucking u yellow only 30 food die
(37:57 / All) idontlose065086: he coming to use
(38:05 / All) ZOT.Dae.Ga.Ri: she get raider
(38:07 / All) idontlose065086: yellow ans teal noobs
(38:15 / All) BUS-RIDER-TALKE: purple and green so mad wtf
(38:20 / All) ZOT.Dae.Ga.Ri: yellow get raider
(38:25 / All) wolfblade3: fucking bm noobs
(38:28 / All) wolfblade3: gtfo
(38:31 / All) BUS-RIDER-TALKE: i like how pink and blue always stay together
(38:33 / All) BUS-RIDER-TALKE: lover boys?
(38:55 / All) idontlose065086: yellow coming blue
(39:00 / All) idontlose065086: watch out
(39:21 / All) idontlose065086: die nigger yelllow
(39:33 / Allies) Reggie_Ledoux: damnit
(39:37 / All) ZOT.Dae.Ga.Ri: noobss two orc
(40:23 / All) ZOT.Dae.Ga.Ri: only 30 food yellow gogoggo
(41:18 / All) ZOT.Dae.Ga.Ri: noob two orc
(41:33 / All) ZOT.Dae.Ga.Ri: noob
(41:41 / All) 2Funk2Druck: ....
(42:07 / All) Reggie_Ledoux: yeah just gonna leave
(42:10 / All) Reggie_Ledoux: red just being annoying
(42:11 / Allies) Reggie_Ledoux: g
(42:12 / All) BUS-RIDER-TALKE: leave faggot
(42:12 / All) Reggie_Ledoux: GG
(42:18 / All) ZOT.Dae.Ga.Ri: noob teal die
(42:30 / All) BUS-RIDER-TALKE: otu blue
(42:31 / All) BUS-RIDER-TALKE: nigger
(42:43 / All) 2Funk2Druck: rod you should have been sappering them all game instead of raping oru 2 allies gold lol
(42:48 / All) ZOT.Dae.Ga.Ri: noob
(42:57 / All) BUS-RIDER-TALKE: got purples mk
(42:58 / All) TheRecordRapist: I was sappering my allies
(43:03 / All) ZOT.Dae.Ga.Ri: teal 450 gold yellow fukcing noob
(43:04 / All) 2Funk2Druck: purple killedm y peon I think
(43:06 / All) TheRecordRapist: I killed pink expo and then built there
(43:09 / All) TheRecordRapist: rather than let him get it
(43:11 / All) BUS-RIDER-TALKE: leave plz blue
(43:15 / All) 2Funk2Druck: blue was a real mofo
(43:16 / All) TheRecordRapist: I sappered blue expos a couple times
(43:18 / All) 2Funk2Druck: he had FFA army
(43:22 / All) BUS-RIDER-TALKE: blue just towered everywhere
(43:26 / All) ZOT.Dae.Ga.Ri: fuck y noob two orc
(43:28 / All) 2Funk2Druck: with mk and pally
(43:37 / All) ZOT.Dae.Ga.Ri: no expo teal amd yellow
(43:51 / Allies) wolfblade3: wtf is the matter with u red
(43:51 / All) TheRecordRapist: Wow blue is still building lol
(43:56 / Allies) TheRecordRapist: I'm team killing you
(43:58 / Allies) TheRecordRapist: and giving you a loss
(44:31 / All) ZOT.Dae.Ga.Ri: noobs pink teal yellow All noobs die
(44:33 / Allies) wolfblade3: why
(44:41 / All) 2Funk2Druck: lol
(44:42 / All) BUS-RIDER-TALKE: lol
(44:46 / Allies) wolfblade3: we had this fucking game
(44:48 / Allies) wolfblade3: u fucker
(44:49 / All) BUS-RIDER-TALKE: this game was nuts wtf
(44:56 / Allies) TheRecordRapist: I think you deserve a loss
(45:04 / Allies) wolfblade3: why?
(45:11 / Allies) TheRecordRapist: you're a noob
(45:19 / Allies) TheRecordRapist: and have a clean record, 2-0
(45:22 / Allies) wolfblade3: what an imbecile u are
(45:22 / Allies) TheRecordRapist: I'm not letting it go 3-0
(45:29 / All) 2Funk2Druck: rod plez don't invis harass on 1 man squad next time
(45:30 / Allies) wolfblade3: way better than you
(45:37 / All) BUS-RIDER-TALKE: y not?
(45:42 / All) TheRecordRapist: It worked fine this game
(45:45 / All) wolfblade3: well you guys need to get better
(45:47 / All) BUS-RIDER-TALKE: rod owned purple
(45:49 / All) TheRecordRapist: I didn't do much damage
(45:49 / All) wolfblade3: stop massing towers
(45:52 / All) BUS-RIDER-TALKE: lawl
(45:55 / All) 2Funk2Druck: lawl me and jake both lost our bases almost all the way
(45:57 / All) 2Funk2Druck: we have no way to make gold
(45:59 / All) TheRecordRapist: I killed green's acos once and halled purp, that was it
(46:11 / All) TheRecordRapist: what team gets the loss
(46:17 / All) 2Funk2Druck: mmmmm
(46:19 / All) 2Funk2Druck: lets stats
(46:20 / All) BUS-RIDER-TALKE: i liked rods harassing he took out puprle. we jus couldnt handle blues towers and mk pally
(46:22 / All) TheRecordRapist: Blue 2-0
(46:30 / All) TheRecordRapist: Purp looked like he wanted to hit me
(46:31 / All) 2Funk2Druck: I want blue lose
(46:33 / All) TheRecordRapist: so I hit him with my heroes
(46:37 / All) TheRecordRapist: 6-10 orange
(46:41 / All) BUS-RIDER-TALKE: blue pink lose i say
(46:43 / All) TheRecordRapist: Pink 14-14
(46:44 / All) TheRecordRapist: k